NYP
SUBLEAGUE 1 ALL-STARS @ NATIONAL LEAGUE ALL-STARS
06/13/2045
 
TOP OF THE 1ST
Subleague 1 All-Stars batting - Pitching for National League All-Stars : RHP Corey Pierce
Pitching: RHP Corey Pierce
Batting: LHB Chris Munguia 0-0: Ground out U3 (Groundball, 3, EV 101.9 MPH)
Batting: SHB Ryan Chicoine 0-0: Foul Ball, location: 2F
0-1: Ball
1-1: Swinging Strike
1-2: Foul Ball, location: 2F
1-2: Strikes out looking
Batting: RHB Andrew Clarke 0-0: Called Strike
0-1: Swinging Strike
0-2: Foul Ball, location: 2F
0-2: Ball
1-2: DOUBLE (Flyball, 9LD, EV 111.2 MPH)
Batting: LHB Ryan Lowe 0-0: Hit by Pitch
Batting: RHB Dale Aubrey 0-0: Called Strike
0-1: Ball
1-1: Swinging Strike
1-2: Strikes out swinging
Top of the 1st over - 0 runs, 1 hit, 0 errors, 2 left on base; Subleague 1 0 - National League 0
BOTTOM OF THE 1ST
National League All-Stars batting - Pitching for Subleague 1 All-Stars : RHP Shan-tang Chi
Pitching: RHP Shan-tang Chi
Batting: LHB Robby Dann 0-0: Foul Ball, location: 2F
0-1: Swinging Strike
0-2: Strikes out swinging
Batting: LHB Erik Gretzky 0-0: Ball
1-0: Foul Ball, location: 2F
1-1: Ball
2-1: Foul Ball, location: 2F
2-2: Ball
3-2: Fly out, F7 (Line Drive, 8LM, EV 90.6 MPH)
Batting: LHB Jae-ik Soung 0-0: Ball
1-0: Swinging Strike
1-1: Ball
2-1: Foul Ball, location: 2F
2-2: Ground out 5-3 (Groundball, 56S, EV 69.4 MPH)
Bottom of the 1st over - 0 runs, 0 hits, 0 errors, 0 left on base; Subleague 1 0 - National League 0
TOP OF THE 2ND
Subleague 1 All-Stars batting - Pitching for National League All-Stars : RHP Corey Pierce
Pitching: RHP Marvin Rosas
Batting: RHB Josh Ruhl 0-0: Ground out 5-3 (Groundball, 5, EV 79.4 MPH)
Batting: RHB Shoh Tanioka 0-0: Ball
1-0: Foul Ball, location: 2F
1-1: Called Strike
1-2: Foul Ball, location: 2F
1-2: Ball
2-2: DOUBLE (Line Drive, 9LS, EV 109.4 MPH)
Batting: RHB Dennis Daniels 0-0: Ball
1-0: Swinging Strike
Balk!
Shoh Tanioka to third
1-1: Foul Ball, location: 2F
1-2: Ball
2-2: Strikes out swinging
Batting: RHB Vic Lucatero 0-0: Called Strike
0-1: Ball
1-1: Called Strike
1-2: Strikes out swinging
Top of the 2nd over - 0 runs, 1 hit, 0 errors, 1 left on base; Subleague 1 0 - National League 0
BOTTOM OF THE 2ND
National League All-Stars batting - Pitching for Subleague 1 All-Stars : RHP Shan-tang Chi
Pitching: RHP Josh Halvorson
Batting: RHB Hisayuki Akiyama 0-0: Called Strike
0-1: Ball
1-1: Foul Ball, location: 2F
1-2: Ground out 4-3 (Groundball, 13, EV 83.1 MPH)
Batting: RHB Tony Stedman 0-0: Ball
1-0: Ball
2-0: Swinging Strike
2-1: Foul Ball, location: 2F
2-2: Foul Ball, location: 2F
2-2: Foul Ball, location: 2F
2-2: Foul Ball, location: 2F
2-2: Foul Ball, location: 2F
2-2: Ball
3-2: Foul Ball, location: 2F
3-2: Base on Balls
Batting: SHB Pete Perla 0-0: Ball
1-0: Called Strike
Tony Stedman steals 2nd base
1-1: Ball
2-1: Called Strike
Tony Stedman steals 3rd, throwing error, E2
Tony Stedman scores
2-2: Fly out, F7 (Flyball, 78S, EV 84.4 MPH)
Batting: RHB Ian Richardson 0-0: Called Strike
0-1: Ball
1-1: Called Strike
1-2: Strikes out swinging
Bottom of the 2nd over - 1 run, 0 hits, 1 error, 0 left on base; Subleague 1 0 - National League 1
TOP OF THE 3RD
Subleague 1 All-Stars batting - Pitching for National League All-Stars : RHP Marvin Rosas
Batting: LHB Chris Munguia 0-0: Called Strike
0-1: Fly out, F5 (Popup, 56S, EV 81.2 MPH)
Batting: SHB Ryan Chicoine 0-0: Called Strike
0-1: Ball
1-1: Ball
2-1: Ball
3-1: Base on Balls
Pitching: LHP Danny Rivera
Batting: RHB Andrew Clarke 0-0: Ball
1-0: Called Strike
1-1: Fly out, F8 (Flyball, 8RXD, EV 95.0 MPH)
Batting: LHB Ryan Lowe 0-0: Ball
1-0: Called Strike
1-1: Ball
2-1: Foul Ball, location: 2F
2-2: Ball
3-2: Foul Ball, location: 2F
3-2: Foul Ball, location: 2F
3-2: Foul Ball, location: 2F
3-2: Ground out 1-3 (Groundball, 13, EV 65.6 MPH)
Top of the 3rd over - 0 runs, 0 hits, 0 errors, 1 left on base; Subleague 1 0 - National League 1
BOTTOM OF THE 3RD
National League All-Stars batting - Pitching for Subleague 1 All-Stars : RHP Josh Halvorson
Pitching: LHP Leonor Bem
Batting: SHB Robert Sayer 0-0: Foul Ball, location: 2F
0-1: SINGLE (Groundball, P, EV 85.6 MPH) (infield hit)
Batting: LHB Tom Prayer 0-0: Fielders Choice at 2nd, 5-4 (Groundball, 56, EV 85.6 MPH)
Batting: LHB Robby Dann 0-0: Swinging Strike
0-1: Called Strike
0-2: Ball
1-2: Fly out, F9 (Flyball, 9, EV 93.1 MPH)
Batting: LHB Erik Gretzky 0-0: Ball
1-0: Called Strike
1-1: Ball
2-1: Fly out, F8 (Line Drive, 8LM, EV 98.8 MPH)
Bottom of the 3rd over - 0 runs, 1 hit, 0 errors, 1 left on base; Subleague 1 0 - National League 1
TOP OF THE 4TH
Subleague 1 All-Stars batting - Pitching for National League All-Stars : LHP Danny Rivera
Pitching: LHP Latrell Tisdale
Batting: RHB Dale Aubrey 0-0: Swinging Strike
0-1: Ball
1-1: Called Strike
1-2: Strikes out swinging
Batting: RHB Josh Ruhl 0-0: Ball
1-0: Ball
2-0: Foul Ball, location: 2F
2-1: Ground out 6-3 (Groundball, 6, EV 76.2 MPH)
Batting: RHB Shoh Tanioka 0-0: Called Strike
0-1: Swinging Strike
0-2: Ball
1-2: Strikes out swinging
Top of the 4th over - 0 runs, 0 hits, 0 errors, 0 left on base; Subleague 1 0 - National League 1
BOTTOM OF THE 4TH
National League All-Stars batting - Pitching for Subleague 1 All-Stars : LHP Leonor Bem
Pitching: LHP Chris Brown
Batting: LHB Jae-ik Soung 0-0: Ground out U3 (Groundball, 34S, EV 79.4 MPH)
Batting: RHB Hisayuki Akiyama 0-0: Ball
1-0: Foul Ball, location: 2F
1-1: Ground out 6-3 (Groundball, 6, EV 80.0 MPH)
Batting: RHB Tony Stedman 0-0: Ball
1-0: Ball
2-0: Ball
3-0: SOLO HOME RUN (Line Drive, 89XD, EV 100.0 MPH), Distance : 397 ft
Batting: SHB Pete Perla 0-0: Swinging Strike
0-1: Ball
1-1: Ball
2-1: Foul Ball, location: 2F
2-2: Ground out 6-3 (Groundball, 6, EV 86.9 MPH)
Bottom of the 4th over - 1 run, 1 hit, 0 errors, 0 left on base; Subleague 1 0 - National League 2
TOP OF THE 5TH
Subleague 1 All-Stars batting - Pitching for National League All-Stars : LHP Latrell Tisdale
Pitching: RHP Jeremy Hurley
Batting: RHB Dennis Daniels 0-0: Ball
1-0: Called Strike
1-1: Swinging Strike
1-2: Ball
2-2: SINGLE (Groundball, 56D, EV 105.0 MPH)
Batting: RHB Vic Lucatero 0-0: Ball
1-0: Called Strike
1-1: Ball
2-1: Foul Ball, location: 2F
2-2: SINGLE (Groundball, 34D, EV 96.2 MPH)
Dennis Daniels to second
Runner from 2nd tries for 3rd, SAFE, throw by RF made to third
Vic Lucatero to second
Batting: LHB Chris Munguia 0-0: Ball
1-0: Called Strike
1-1: Ball
2-1: Ball
3-1: Swinging Strike
3-2: Base on Balls
Pinch Hitting: RHB Gavin Fimple 0-0: Ball
1-0: Fly out, F8 (Flyball, 8RS, EV 78.8 MPH)
Batting: RHB Andrew Clarke 0-0: Called Strike
0-1: Ball
1-1: Ball
2-1: Ball
3-1: Swinging Strike
3-2: GRAND SLAM HOME RUN (Flyball, 7D, EV 97.5 MPH), Distance : 352 ft
Batting: LHB Ryan Lowe 0-0: Ball
1-0: Called Strike
1-1: Ground out U3 (Groundball, 3, EV 86.9 MPH)
Pinch Hitting: SHB Ross Holland 0-0: Called Strike
0-1: Ball
1-1: Called Strike
1-2: Strikes out swinging
Top of the 5th over - 4 runs, 3 hits, 0 errors, 0 left on base; Subleague 1 4 - National League 2
BOTTOM OF THE 5TH
National League All-Stars batting - Pitching for Subleague 1 All-Stars : LHP Chris Brown
Pitching: LHP Josh Binyon
Now at C: Gavin Fimple
Now in CF: Ross Holland
Batting: RHB Ian Richardson 0-0: Called Strike
0-1: Ball
1-1: Ball
2-1: Foul Ball, location: 2F
2-2: Strikes out swinging
Batting: SHB Robert Sayer 0-0: Called Strike
0-1: Swinging Strike
0-2: DOUBLE (Line Drive, 9LS, EV 95.0 MPH)
Batting: LHB Tom Prayer 0-0: Ball
1-0: Called Strike
1-1: Called Strike
1-2: Foul Ball, location: 2F
1-2: Ball
2-2: Strikes out swinging
Batting: LHB Robby Dann 0-0: Called Strike
0-1: Called Strike
0-2: Strikes out swinging
Bottom of the 5th over - 0 runs, 1 hit, 0 errors, 1 left on base; Subleague 1 4 - National League 2
TOP OF THE 6TH
Subleague 1 All-Stars batting - Pitching for National League All-Stars : RHP Jeremy Hurley
Pitching: RHP Kevin Nabity
Batting: RHB Josh Ruhl 0-0: Ball
1-0: Ball
2-0: Foul Ball, location: 2F
2-1: Ball
3-1: Called Strike
3-2: DOUBLE (Flyball, 8LXD, EV 98.1 MPH)
Batting: RHB Shoh Tanioka 0-0: Ball
1-0: Ball
2-0: Foul Ball, location: 2F
2-1: Ball
3-1: Base on Balls
Pinch Hitting: RHB Jeremy Sipe 0-0: Foul Ball, location: 2F
0-1: Ball
Wild Pitch!
Josh Ruhl to third
Shoh Tanioka to second
1-1: Ground out 6-3 (Groundball, 6, EV 90.0 MPH)
Josh Ruhl scores
Batting: RHB Vic Lucatero 0-0: Ball
Wild Pitch!
Shoh Tanioka to third
1-0: Foul Ball, location: 2F
1-1: Foul Ball, location: 2F
1-2: Ball
2-2: Foul Ball, location: 2F
2-2: Ball
3-2: SINGLE (Flyball, 5D, EV 93.8 MPH)
Shoh Tanioka scores
Batting: LHB Chris Munguia 0-0: Called Strike
0-1: Ball
1-1: Ball
2-1: DOUBLE (Flyball, 8RXD, EV 98.8 MPH)
Vic Lucatero to third
Batting: RHB Gavin Fimple 0-0: Ball
1-0: Foul Ball, location: 2F
1-1: Swinging Strike
1-2: Fly out, F9 (Line Drive, 9D, EV 88.8 MPH)
Runner from 3rd tags up, SCORES, no throw by RF
Chris Munguia to third
Batting: RHB Andrew Clarke 0-0: Ball
1-0: Called Strike
1-1: Foul Ball, location: 2F
1-2: Ball
2-2: 2-RUN HOME RUN (Flyball, 7D, EV 95.6 MPH), Distance : 357 ft
Batting: LHB Ryan Lowe 0-0: SINGLE (Line Drive, 4MD, EV 94.4 MPH)
Batting: SHB Ross Holland 0-0: Ball
1-0: Ball
2-0: Ball
Wild Pitch!
Ryan Lowe to second
3-0: Called Strike
3-1: Swinging Strike
3-2: Strikes out swinging
Top of the 6th over - 5 runs, 5 hits, 0 errors, 1 left on base; Subleague 1 9 - National League 2
BOTTOM OF THE 6TH
National League All-Stars batting - Pitching for Subleague 1 All-Stars : LHP Josh Binyon
Pitching: RHP Kyle Ridgeway
Now at SS: Jeremy Sipe
Batting: LHB Erik Gretzky 0-0: Ball
1-0: Fly out, F7 (Line Drive, 8LD, EV 98.1 MPH)
Pinch Hitting: LHB Mike Tenorio 0-0: Ball
1-0: Swinging Strike
1-1: Called Strike
1-2: Strikes out swinging
Batting: RHB Hisayuki Akiyama 0-0: Called Strike
0-1: Called Strike
0-2: Ball
1-2: Ball
2-2: Ball
3-2: Strikes out swinging, 2-3 out at first.
Bottom of the 6th over - 0 runs, 0 hits, 0 errors, 0 left on base; Subleague 1 9 - National League 2
TOP OF THE 7TH
Subleague 1 All-Stars batting - Pitching for National League All-Stars : RHP Kevin Nabity
Now at 1B: Mike Tenorio
Batting: RHB Billy Ratz 0-0: Ball
1-0: Called Strike
1-1: Ball
2-1: Ball
3-1: Called Strike
3-2: SINGLE (Groundball, 25, EV 64.4 MPH) (infield hit)
Batting: RHB Shoh Tanioka 0-0: Called Strike
0-1: SINGLE (Groundball, 4MD, EV 101.2 MPH)
Billy Ratz to second
Batting: RHB Jeremy Sipe 0-0: Called Strike
0-1: Swinging Strike
0-2: Ball
1-2: Fly out, F8 (Flyball, 8RD, EV 100.0 MPH)
Batting: RHB Vic Lucatero 0-0: Swinging Strike
0-1: Called Strike
0-2: Ball
1-2: Fielders Choice at 2nd, 4-6 (Groundball, 4, EV 88.1 MPH)
Billy Ratz to third
Batting: LHB Chris Munguia 0-0: Called Strike
0-1: Swinging Strike
0-2: Ball
Wild Pitch!
Billy Ratz scores
Vic Lucatero to second
1-2: SINGLE (Flyball, 6MD, EV 95.0 MPH)
Vic Lucatero to third
Pitching: LHP Benito Vargas
Batting: RHB Gavin Fimple 0-0: Called Strike
0-1: Called Strike
0-2: Ball
1-2: Ball
2-2: Ground out 2-3 (Groundball, 2L, EV 66.9 MPH)
Top of the 7th over - 1 run, 3 hits, 0 errors, 2 left on base; Subleague 1 10 - National League 2
BOTTOM OF THE 7TH
National League All-Stars batting - Pitching for Subleague 1 All-Stars : RHP Kyle Ridgeway
Pitching: LHP Jimmy Ford
Batting: RHB Tony Stedman 0-0: Called Strike
0-1: Ball
1-1: Ball
2-1: Ball
3-1: Swinging Strike
3-2: Base on Balls
Batting: SHB Pete Perla Pickoff Throw to First - Error! E1
Tony Stedman to second
0-0: Called Strike
0-1: Ground out 1-3 (Groundball, 23, EV 69.4 MPH)
Tony Stedman to third
Batting: RHB Ian Richardson 0-0: Ball
1-0: Ball
2-0: Called Strike
2-1: Ball
3-1: Fly out, F6 (Popup, 56D, EV 54.4 MPH)
Batting: SHB Robert Sayer 0-0: Ball
1-0: Ball
2-0: Called Strike
2-1: Ground out 4-3 (Groundball, 4S, EV 54.4 MPH)
Bottom of the 7th over - 0 runs, 0 hits, 1 error, 1 left on base; Subleague 1 10 - National League 2
TOP OF THE 8TH
Subleague 1 All-Stars batting - Pitching for National League All-Stars : LHP Benito Vargas
Batting: RHB Andrew Clarke 0-0: Called Strike
0-1: Ball
1-1: Ball
2-1: Foul Ball, location: 2F
2-2: Strikes out looking
Batting: LHB Ryan Lowe 0-0: Called Strike
0-1: Called Strike
0-2: Ball
1-2: Foul Ball, location: 2F
1-2: Foul Ball, location: 2F
1-2: Foul Ball, location: 2F
1-2: Strikes out swinging
Batting: SHB Ross Holland 0-0: Ball
1-0: Called Strike
1-1: Ball
2-1: Foul Ball, location: 2F
2-2: Ball
3-2: Strikes out looking
Top of the 8th over - 0 runs, 0 hits, 0 errors, 0 left on base; Subleague 1 10 - National League 2
BOTTOM OF THE 8TH
National League All-Stars batting - Pitching for Subleague 1 All-Stars : LHP Jimmy Ford
Batting: LHB Tom Prayer 0-0: Called Strike
0-1: Called Strike
0-2: Ball
1-2: Strikes out looking
Pitching: RHP Larry Cassano
Batting: LHB Robby Dann 0-0: Called Strike
0-1: SINGLE (Groundball, 5S, EV 67.5 MPH) (infield hit)
Batting: LHB Erik Gretzky 0-0: Fly out, F3 (Popup, 34S, EV 87.5 MPH)
Batting: LHB Mike Tenorio 0-0: Ball
1-0: Called Strike
1-1: Ball
2-1: Swinging Strike
2-2: Strikes out looking
Bottom of the 8th over - 0 runs, 1 hit, 0 errors, 1 left on base; Subleague 1 10 - National League 2
TOP OF THE 9TH
Subleague 1 All-Stars batting - Pitching for National League All-Stars : LHP Benito Vargas
Batting: RHB Billy Ratz 0-0: Ball
1-0: Ball
2-0: Swinging Strike
2-1: Foul Ball, location: 2F
2-2: Foul Ball, location: 2F
2-2: Strikes out swinging
Batting: RHB Shoh Tanioka 0-0: Ball
1-0: Swinging Strike
1-1: Foul Ball, location: 2F
1-2: Ball
2-2: Ground out U3 (Groundball, 3, EV 86.2 MPH)
Batting: RHB Jeremy Sipe 0-0: Fly out, F4 (Line Drive, 4, EV 68.8 MPH)
Top of the 9th over - 0 runs, 0 hits, 0 errors, 0 left on base; Subleague 1 10 - National League 2
BOTTOM OF THE 9TH
National League All-Stars batting - Pitching for Subleague 1 All-Stars : RHP Larry Cassano
Batting: RHB Hisayuki Akiyama 0-0: Ball
1-0: Ball
2-0: Ball
3-0: Base on Balls
Batting: RHB Tony Stedman 0-0: Called Strike
0-1: Ball
1-1: Fly out, F4 (Flyball, 4D, EV 84.4 MPH)
Batting: SHB Pete Perla 0-0: DOUBLE (Line Drive, 8RXD, EV 96.9 MPH)
Hisayuki Akiyama to third
Batting: RHB Ian Richardson 0-0: Swinging Strike
0-1: Foul Ball, location: 2F
0-2: Ball
1-2: Ball
2-2: Foul Ball, location: 2F
2-2: 3-RUN HOME RUN (Flyball, 9LD, EV 95.6 MPH), Distance : 337 ft
Batting: SHB Robert Sayer 0-0: Ball
1-0: Ball
2-0: Ball
3-0: Foul Ball, location: 2F
3-1: Called Strike
3-2: Strikes out looking
Batting: LHB Tom Prayer 0-0: Foul Ball, location: 2F
0-1: Foul Ball, location: 2F
0-2: Foul Ball, location: 2F
0-2: Ball
1-2: Ball
2-2: Ball
3-2: Foul Ball, location: 2F
3-2: Fly out, F7 (Flyball, 7, EV 78.1 MPH)
Bottom of the 9th over - 3 runs, 2 hits, 0 errors, 0 left on base; Subleague 1 10 - National League 5
Wednesday, June 22nd , 2022 - OOTP Baseball 23.4 Build 64